 Dungeon Crawl Stone Soup version 0.30.1-4-g462c640d31 (webtiles) character file.

Game seed: 11433730762624547318

29 spardeous the Conjurer (level 2, 20/20 HPs)
             Began as a Demigod Conjurer on Aug 12, 2023.
             Got out of the dungeon alive.
             The game lasted 00:01:15 (1127 turns).

spardeous the Conjurer (Demigod Conjurer)           Turns: 1127, Time: 00:01:15

Health: 20/20      AC:  2    Str:  8    XL:     2   Next: 81%
Magic:  7/7        EV: 12    Int: 20    God:
Gold:   47         SH:  0    Dex: 12    Spells: 4/5 levels left

rFire   . . .        (no weapon)
rCold   . . .        (no shield)
rNeg    . . .        a - +0 robe
rPois   .            (no helmet)
rElec   .            (no cloak)
rCorr   .            (no gloves)
SInv    .            (no boots)
Will    .....        (no amulet)
Stlth   ++           (no ring)
HPRegen 0.23/turn    (no ring)
MPRegen 0.10/turn

%: no passive effects
@: no status effects
A: high MP 1, forlorn, divine attributes
a: no special abilities


You escaped.
You visited 1 branch of the dungeon, and saw 1 of its levels.

You collected 47 gold pieces.

Inventory:

Missiles
 e - 4 silver javelins (quivered)
Armour
 a - a +0 robe (worn)
Scrolls
 c - 2 scrolls of identify {unknown}
 d - a scroll of enchant weapon {unknown}
 f - 2 scrolls of teleportation {unknown}
 h - a scroll of fear {unknown}
 i - a scroll of magic mapping {unknown}
Potions
 b - a potion of magic
 g - a potion of ambrosia {unknown}
 j - a potion of flight {unknown}


   Skills:
 - Level 1.7 Dodging
 - Level 1.7 Stealth
 + Level 2.4 Spellcasting
 + Level 4.1 Conjurations


You had 4 spell levels left.
You knew the following spells:

 Your Spells              Type           Power      Damage    Failure   Level
a - Magic Dart            Conj           72%        1d6       2%          1

Your spell library contained the following spells:

 Spells                   Type           Power      Damage    Failure   Level
 Searing Ray              Conj           36%        2d5       4%          2
 Dazzling Flash           Conj/Hex       20%        N/A       19%         3
 Fulminant Prism          Conj/Hex       5%         3d6       54%         4
 Iskenderun's Mystic Bla  Conj/Tloc      10%        2d4       54%         4


Dungeon Overview and Level Annotations

Branches:
Dungeon (1/15)


Innate Abilities, Weirdness & Mutations

You have an increased reservoir of magic. (+10% MP)
You shall have no god before yourself.
Your divine heritage dramatically boosts your attributes as you level up.


Message History

Aim: a ball python (severely wounded, 100% to hit)
The magic dart hits the ball python.
You kill the ball python!
You see here a ball python corpse.
You see here a ball python corpse.
Key pressed, stopping explore.
Casting: Magic Dart (safe; 2% risk of failure)
Confirm with . or Enter, or press ? or * to list all spells.
You can't see any susceptible monsters within range! (Use Z to cast anyway.) Key pressed, stopping explore.
Casting: Magic Dart (safe; 2% risk of failure)
Confirm with . or Enter, or press ? or * to list all spells.
You can't see any susceptible monsters within range! (Use Z to cast anyway.) Done exploring.
Casting: Magic Dart (safe; 2% risk of failure)
Confirm with . or Enter, or press ? or * to list all spells.
You can't see any susceptible monsters within range! (Use Z to cast anyway.) Unknown command.
Done exploring.
Casting: Magic Dart (safe; 2% risk of failure)
Confirm with . or Enter, or press ? or * to list all spells.
You can't see any susceptible monsters within range! (Use Z to cast anyway.) Done exploring.
Casting: Magic Dart (safe; 2% risk of failure)
Confirm with . or Enter, or press ? or * to list all spells.
You can't see any susceptible monsters within range! (Use Z to cast anyway.) Done exploring.
Casting: Magic Dart (safe; 2% risk of failure)
Confirm with . or Enter, or press ? or * to list all spells.
You can't see any susceptible monsters within range! (Use Z to cast anyway.) Done exploring.
Casting: Magic Dart (safe; 2% risk of failure)
Confirm with . or Enter, or press ? or * to list all spells.
You can't see any susceptible monsters within range! (Use Z to cast anyway.) Search for what [? for help]?
D
Okay, then.
There is an open door here.
There is a staircase leading out of the dungeon here.
Are you sure you want to leave the Dungeon?
This will make you lose the game!
You have escaped!

.....##.##########..# #...##....
....##............#.## #.........
...##.............#..###.........
..##..............##.............
.##......#######.########........
##......#.### #.# ###.#.##.....
#....#####..####'####..##.#......
#...########..'...'..####.#......
........# ####.@.#### #.###....
........####..'...'..####.# #....
........##..####'####..##.# ####.
........#.### #.# ###.#.######.
.........###############..#......
........##....# #......#.#......
..##..........####......#.#......
..##......................#...###
####..........................###


There were no monsters in sight!

Vanquished Creatures
  A gnoll (D:1)
  2 endoplasms (D:1)
  2 giant cockroaches (D:1)
  4 hobgoblins (D:1)
  A quokka (D:1)
  2 ball pythons (D:1)
  A bat (D:1)
  2 frilled lizards (D:1)
  2 goblins (D:1)
  3 rats (D:1)
20 creatures vanquished.

Notes
Turn   | Place    | Note
-------+----------+-------------------------------------------
     0 | D:1      | spardeous the Demigod Conjurer began the quest for the Orb.
     0 | D:1      | Reached XP level 1. HP: 14/14 MP: 5/5
   298 | D:1      | Reached XP level 2. HP: 20/20 MP: 2/7
   413 | D:1      | Reached skill level 4 in Conjurations
  1127 | D:$      | Got out of the dungeon alive.

Illustrated notes

Levels and vault maps discovered:
D:1:      dpeg_arrival_radiant, layout_basic, nrook_mini_backslash,
          grunt_decor_junction

Skill      XL: |  1  2 |
---------------+-------+-----
Spellcasting   | 2 |  2.4
Conjurations   | 4 |  4.1
Dodging        | |  1.7
Stealth        | |  1.7

Action                     || total
---------------------------++-------
  Melee: Unarmed           ||     5
  Throw: Javelin           ||     1
   Cast: Magic Dart        ||    37
 Armour: Robe              ||     1
  Dodge: Dodged            ||     2
